 Dungeon Crawl Stone Soup version 0.31-a0-321-g19405a7a6a (webtiles) character file.

Game seed: 18172386328972519691

7956 gelatine the Thrower (level 11, -3/83 HPs)
             Began as a Demonspawn Gladiator on July 18, 2023.
             Slain by a centaur warrior
             ... wielding a +2 antimagic mace
              (16 damage)
             ... on level 9 of the Dungeon.
             The game lasted 00:26:15 (9420 turns).

gelatine the Thrower (Demonspawn Gladiator)         Turns: 9420, Time: 00:26:16

Health: -3/83      AC:  6    Str: 18    XL:     11   Next: 3%
Magic:  0/13       EV: 15    Int:  9    God:
Gold:   488        SH:  0    Dex: 16    Spells: 13/13 levels left

rFire   . . .        y - +3 hand axe (freeze)
rCold   + . .        (no shield)
rNeg    . . .        w - +0 steam dragon scales
rPois   +            c - melded +0 helmet
rElec   .            x - melded +2 cloak
rCorr   .            (gloves currently unavailable)
SInv    .            (boots currently unavailable)
Will    .....        (no amulet)
Stlth   ++           l - ring of poison resistance
HPRegen 0.33/turn    B - ring of protection from cold
MPRegen 0.13/turn

%: no passive effects
@: beast-form
A: beast (slay +2), rugged brown scales 1, demonic guardian 2, spiny 2, weakness
stinger 2
a: Begin Untransformation


You were on level 9 of the Dungeon.
You were a hulking beast.
You visited 2 branches of the dungeon, and saw 10 of its levels.

You collected 626 gold pieces.
You spent 138 gold pieces at shops.

Inventory:

Hand Weapons
 a - a +0 war axe
 v - the +4 hammer of Destiny {drain, rPois}
   (You found it on level 5 of the Dungeon)

   rPois:     It protects you from poison.
 y - a +3 hand axe of freezing (weapon)
 H - a +3 hand axe
Missiles
 d - 2 throwing nets
 J - a curare-tipped dart
Armour
 c - a +0 helmet (melded)
 w - +0 steam dragon scales (worn)
 x - a +2 cloak (melded)
 z - a +2 robe of willpower
Jewellery
 l - a ring of poison resistance (left hand)
 B - a ring of protection from cold (right hand)
 M - a +6 ring of intelligence
Talismans
 b - a maw talisman
 n - a serpent talisman
 q - a beast talisman
 r - a blade talisman
Wands
 u - a wand of iceblast (9)
Scrolls
 e - a scroll of immolation {unknown}
 f - 2 scrolls of acquirement {unknown}
 k - 4 scrolls of blinking {unknown}
 o - 2 scrolls of torment {unknown}
 s - 2 scrolls of teleportation {unknown}
 A - a scroll of amnesia
 C - a scroll of fog {unknown}
 D - 2 scrolls of enchant armour
 F - a scroll of identify
 G - 2 scrolls of noise {unknown}
 L - a scroll of poison {unknown}
Potions
 g - 3 potions of lignification
 h - 2 potions of mutation
 i - 2 potions of brilliance
 m - 2 potions of curing
 p - a potion of cancellation
 t - a potion of enlightenment
 E - a potion of might {unknown}
 K - a potion of degeneration {unknown}
Miscellaneous
 I - a box of beasts


   Skills:
 * Level 5.7 Fighting
 * Level 7.9(8.1) Axes
 + Level 2.4(5.5) Maces & Flails
 * Level 8.5 Throwing
 * Level 4.3 Armour
 * Level 6.0 Dodging
 + Level 2.1 Stealth
 * Level 1.7 Spellcasting
 * Level 2.3 Evocations
 * Level 3.9 Shapeshifting


You had 13 spell levels left.
You didn't know any spells.
Your spell library contained the following spells:

 Spells                   Type           Power      Damage    Failure   Level
 Magic Dart               Conj           0%         1d3       34%         1
 Blink                    Tloc           0%         N/A       45%         2
 Call Imp                 Summ           0%         N/A       45%         2
 Ensorcelled Hibernation  Hex/Ice        0%         N/A       45%         2
 Lesser Beckoning         Tloc           0%         N/A       45%         2
 Momentum Strike          Conj/Tloc      0%         3d8       45%         2
 Passwall                 Tmut/Erth      0%         N/A       45%         2
 Mephitic Cloud           Conj/Pois/Air  0%         N/A       71%         3
 Ozocubu's Armour         Ice            0%         N/A       71%         3
 Swiftness                Air            0%         N/A       71%         3
 Metabolic Englaciation   Hex/Ice        0%         N/A       100%        5
 Simulacrum               Ice/Necr       0%         N/A       100%        6


Dungeon Overview and Level Annotations

Branches:
Dungeon (9/15)             Temple (1/1) D:6            Lair (0/5) D:9
    Orc: D:9-12

Altars:
Ashenzari
Cheibriados
Dithmenos
Fedhas
Gozag
Hepliaklqana
Kikubaaqudgha
Makhleb
Nemelex Xobeh
Okawaru
Qazlal
Ru
Sif Muna
Trog
Uskayaw
Vehumet
Wu Jian
Xom
Yredelemnul

Shops:
D:7 ?


Innate Abilities, Weirdness & Mutations

You are a hulking beast.
Your limbs bulge with bestial killing power. (Slay +2)
You are partially covered in rugged brown scales. (AC +1, +3% HP)
A demonic guardian rushes to your aid.
You are mostly covered in sharp spines.
You have a tail ending in a sharp stinger.


Message History

The gnoll is struck by your spines. The gnoll hits you but does no damage.
You hit the gnoll. You freeze the gnoll.
You kill the gnoll!
Things that are here:
a +0 spear; a +0 sling; a gnoll corpse The centaur warrior unwields a +2 antimagic mace.
The centaur warrior wields a +0 orcbow.
The centaur warrior shoots an arrow.
The arrow hits you!!
The centaur warrior unwields a +0 orcbow.
The centaur warrior wields a +2 antimagic mace.
The centaur warrior hits you with a +2 antimagic mace!
You feel your power leaking away. The centaur warrior closely misses you.
You hit the centaur warrior. You freeze the centaur warrior.
Your tail-slap misses the centaur warrior.
The centaur warrior is lightly wounded.
The centaur warrior is struck by your spines.
The centaur warrior hits you with a +2 antimagic mace!
A demonic guardian appears!
You feel your power leaking away. The centaur warrior kicks you.
You hit the centaur warrior but do no damage.
The centaur warrior is lightly wounded.
The centaur warrior hits you with a +2 antimagic mace!
The centaur warrior kicks you.
The centaur warrior completely misses you.
The centaur warrior kicks you but does no damage.
Unknown command.
You hit the centaur warrior. You freeze the centaur warrior.
The centaur warrior is moderately wounded.
Your rust devil barely misses the centaur warrior.
The centaur warrior is struck by your spines.
The centaur warrior hits you with a +2 antimagic mace!
* * * LOW HITPOINT WARNING * * *
The centaur warrior kicks you but does no damage.
You hit the centaur warrior. You freeze the centaur warrior.
You tail-slap the centaur warrior, but do no damage.
The centaur warrior is heavily wounded.
The centaur warrior hits you with a +2 antimagic mace!
You die...

#...####g.g.####.)..
#...###........###.#.
#...##.[.####...##..#
#.......######..###.#
#......##....##.)##..
#......##........##.#
#......##.......g##.#
#......##...|##..##.#
#...hc4.######..###..
#...##...####...##..#
#...###........###...
##...####....#####...
#.)..##########.....
##.#...######.......
#...#...).......##.
###.##########..##.
#.## #...#.


You could see a centaur warrior (ally target) and a friendly rust devil
(summoned).

Vanquished Creatures
  A two-headed ogre (D:6)
  Pikel (D:6)
  A kobold demonologist (D:9)
  Psyche (D:9)
  11 yaks (D:9)
  3 steam dragons
  2 sky beasts
  A hornet zombie (D:7)
  4 black bears
  2 ogres
  A lemure (D:6)
  3 centaurs (D:9)
  2 phantoms
  2 kobold brigands (D:9)
  A bullfrog (D:9)
  A gnoll sergeant (D:9)
  2 necrophages (D:7)
  6 scorpions
  10 wights
  A killer bee (D:9)
  6 howler monkeys
  3 vampire bats (D:5)
  A centaur zombie (D:7)
  4 hounds
  A human zombie (D:7)
  Crazy Yiuf (D:5)
  3 orc priests
  2 jellies
  Jessica (D:3)
  Ijyb (D:4)
  A sleepcap (D:5)
  2 iguanas
  4 orc wizards
  A statue (D:4)
  A killer bee zombie (D:7)
  4 mummies (D:7)
  7 gnolls
  9 adders
  2 white imps
  2 ufetubi (D:4)
  A worm (D:2)
  4 dart slugs
  19 orcs
  5 ball pythons
  8 bats
  3 bat skeletons (D:5)
  2 bat zombies (D:5)
  6 endoplasms
  7 giant cockroaches
  10 goblins
  15 hobgoblins
  4 jackals (D:2)
  10 kobolds
  5 quokkas
  2 frilled lizards (D:1)
  A rat (D:1)
214 creatures vanquished.

Vanquished Creatures (collateral kills)
  A vampire mosquito (D:9)
  Edmund (D:5)
  A centaur (D:9)
  6 wights
  A kobold (D:9)
10 creatures vanquished.

Vanquished Creatures (others)
  An orc (D:4)
1 creature vanquished.

Grand Total: 225 creatures vanquished

Notes
Turn   | Place    | Note
-------+----------+-------------------------------------------
     0 | D:1      | gelatine the Demonspawn Gladiator began the quest for the
                  | Orb.
     0 | D:1      | Reached XP level 1. HP: 16/16 MP: 1/1
   181 | D:1      | Gained mutation: You are partially covered in sharp spines.
                  | [demonic ancestry]
   181 | D:1      | Reached XP level 2. HP: 22/22 MP: 2/2
   451 | D:1      | Gained mutation: You have a small tail. [demonic ancestry]
   451 | D:1      | Reached XP level 3. HP: 27/27 MP: 3/3
   892 | D:2      | Reached skill level 2 in Throwing
  1076 | D:2      | Gained mutation: A weak demonic guardian rushes to your
                  | aid. [demonic ancestry]
  1076 | D:2      | Reached XP level 4. HP: 34/34 MP: 4/4
  1558 | D:3      | Noticed Jessica
  1663 | D:3      | Reached skill level 1 in Armour
  1688 | D:3      | Found a shimmering blue altar of Sif Muna.
  1730 | D:3      | Gained mutation: You are mostly covered in sharp spines.
                  | [demonic ancestry]
  1730 | D:3      | Reached XP level 5. HP: 39/39 MP: 5/5
  1766 | D:3      | Found a sparkling altar of Nemelex Xobeh.
  1799 | D:3      | Killed Jessica
  2187 | D:3      | Found an ornate altar of the Wu Jian Council.
  2391 | D:4      | Noticed Ijyb
  2400 | D:4      | Killed Ijyb
  2401 | D:4      | Reached skill level 3 in Throwing
  2401 | D:4      | Gained mutation: You have a tail ending in a sharp stinger.
                  | [demonic ancestry]
  2401 | D:4      | Reached XP level 6. HP: 46/46 MP: 6/6
  2486 | D:4      | Noticed a steam dragon
  2515 | D:4      | Killed a steam dragon
  2703 | D:4      | Found a shimmering altar of Xom.
  2780 | D:4      | Found a radiant altar of Vehumet.
  2865 | D:4      | Found an iron altar of Okawaru.
  3054 | D:4      | Reached skill level 1 in Shapeshifting
  3054 | D:4      | Gained mutation: A demonic guardian rushes to your aid.
                  | [demonic ancestry]
  3054 | D:4      | Reached XP level 7. HP: 50/52 MP: 7/7
  3123 | D:5      | Entered Level 5 of the Dungeon
  3127 | D:5      | Noticed Edmund
  3154 | D:5      | Killed Edmund
  3155 | D:5      | Reached skill level 4 in Throwing
  3611 | D:5      | Found a stormy altar of Qazlal.
  3753 | D:5      | Reached skill level 5 in Axes
  3829 | D:5      | Gained mutation: You are partially covered in rugged brown
                  | scales. (AC +1, +3% HP) [demonic ancestry]
  3829 | D:5      | Reached XP level 8. HP: 52/59 MP: 8/8
  3865 | D:5      | Found a sacrificial altar of Ru.
  3897 | D:5      | Reached skill level 5 in Throwing
  4176 | D:5      | Found a broken altar of Ashenzari.
  4245 | D:5      | Found an ancient bone altar of Kikubaaqudgha.
  4248 | D:5      | Reached skill level 1 in Stealth
  4499 | D:5      | Found a runed translucent door.
  4500 | D:5      | Noticed Crazy Yiuf
  4510 | D:5      | Killed Crazy Yiuf
  4514 | D:5      | Identified the +4 hammer of Destiny {drain, rPois}
  4682 | D:6      | Noticed Pikel
  4694 | D:6      | Killed Pikel
  4695 | D:6      | Reached skill level 6 in Throwing
  4871 | D:6      | Reached skill level 1 in Maces & Flails
  4919 | D:6      | Reached XP level 9. HP: 66/66 MP: 9/9
  4930 | D:6      | Found a bloodstained altar of Trog.
  5112 | D:6      | Noticed a two-headed ogre
  5122 | D:6      | Killed a two-headed ogre
  5123 | D:6      | Reached skill level 7 in Throwing
  5314 | D:6      | Found a staircase to the Ecumenical Temple.
  5322 | Temple   | Entered the Ecumenical Temple
  5563 | D:6      | Found a shadowy altar of Dithmenos.
  5858 | D:7      | Reached skill level 5 in Dodging
  5858 | D:7      | Found a burning altar of Makhleb.
  6389 | D:7      | Found Dafiap's Magic Scroll Boutique.
  6396 | D:7      | Bought a scroll of identify for 24 gold pieces
  6396 | D:7      | Bought a scroll of identify for 24 gold pieces
  6396 | D:7      | Bought a scroll of enchant armour for 90 gold pieces
  6544 | D:7      | Reached skill level 8 in Throwing
  6553 | D:7      | Reached XP level 10. HP: 62/75 MP: 10/10
  6651 | D:7      | Reached skill level 5 in Fighting
  6671 | D:7      | Found an opulent altar of Gozag.
  7187 | D:7      | Found a basalt altar of Yredelemnul.
  7228 | D:8      | Found a hazy altar of Hepliaklqana.
  7287 | D:8      | Found a hide-covered altar of Uskayaw.
  7830 | D:9      | Reached skill level 1 in Evocations
  8173 | D:9      | Noticed Psyche
  8177 | D:9      | Killed Psyche
  8446 | D:9      | Reached skill level 1 in Spellcasting
  8752 | D:9      | Noticed a centaur warrior
  8829 | D:9      | Found a snail-covered altar of Cheibriados.
  8850 | D:9      | Found a staircase to the Lair.
  9119 | D:9      | Reached XP level 11. HP: 17/83 MP: 1/13
  9420 | D:9      | Slain by a centaur warrior

Illustrated notes

Levels and vault maps discovered:
D:1:      roderic_chinese_lattice_arrival, layout_loops_ring,
          minmay_misc_feat_cross
D:2:      layout_basic
D:3:      layout_basic, nemelex_spade_bored_becter, marbit_many_paths,
          kennysheep_orc_sif_temple, minmay_misc_feat_tiny,
          guppyfry_early_lair_pool, uniq_jessica
D:4:      layout_rooms, general_overflow_altar, vehumet_statue,
          mainiacjoe_overflow_tiny_flanked, kennysheep_generic_room_8, uniq_ijyb
D:5:      layout_loops_corners, hangedman_ru_absence,
          nicolae_qazlal_beasts_of_the_sky, evilmike_ruin_ashenzari,
          amcnicky_altar_gilded, kennysheep_vampire_church, uniq_edmund,
          uniq_crazy_yiuf_cottage
D:6:      layout_loops_ring, trog_ov_bears_minmay,
          lemuel_coloured_pillars_altar, minmay_temple_entry_metal_lava,
          serial_co_window_serial, co_window_of_opportunity_a,
          co_window_paths_b, co_window_corner_a, co_window_paths_a,
          co_window_paths_a, co_window_of_opportunity_a, co_window_corner_a,
          co_window_unsneaky_path_d, co_window_corner_b, co_window_broadway_b,
          co_window_paths_e, glass_columns_a, glass_columns_b, glass_columns_b,
          glass_columns_c, glass_columns_a, uniq_pikel
D:7:      layout_loops_corners, mainiacjoe_overflow_24_doors,
          overflow_temple_1_default, lemuel_mausoleum_altar_yredelemnul,
          serial_shops, shop, roderic_lattice_a,
          hangedman_abyss_or_decor_lesser_grid
D:8:      layout_rooms, lemuel_crystal_altar, mainiacjoe_overflow_alcove_1,
          nicolae_hepliaklqana_hazy_memory, serial_curves, eino_curves_02,
          eino_curves_02, kennysheep_another_room
D:9:      layout_cave_pools, lemuel_round_altar, dpeg_oklobed_lair,
          minmay_mirror_moons_of_madness, uniq_psyche
Temple:   ebering_the_one_and_only

Skill      XL: |  1  2  3  4  5  6  7  8  9 10 |
---------------+-------------------------------+-----
Axes           | 3 4 5 6 7 |  7.9
Dodging        | 3 4 5 6 |  6.0
Throwing       | 2 3 4 6 8 |  8.5
Armour         | 1 2 3 4 |  4.3
Fighting       | 3 4 5 |  5.7
Shapeshifting  | 1 2 3 |  3.9
Stealth        | 1 2 |  2.1
Maces & Flails | 1 2 |  2.4
Evocations     | 2 |  2.3
Spellcasting   | 1 |  1.7

Action                     |  1- 3 |  4- 6 |  7- 9 | 10-12 || total
---------------------------+-------+-------+-------+-------++-------
  Melee: War axe           |    72 |    60 |    53 |       ||   185
         Tailslap          |     2 |     5 |    26 |    24 ||    57
         Punch             |       |       |     1 |     3 ||     4
         Mace              |       |       |    50 |       ||    50
         Hand axe          |       |       |    38 |   158 ||   196
  Throw: Throwing net      |     5 |       |       |       ||     5
         Boomerang         |    29 |    63 |   105 |       ||   197
         Javelin           |       |       |       |     3 ||     3
  Evoke: Wand              |       |       |     5 |     6 ||    11
         Box of beasts     |       |       |       |     1 ||     1
    Use: Scroll            |       |       |     7 |     2 ||     9
   Stab: Sleeping          |     1 |     2 |     1 |     1 ||     5
         Distracted        |       |       |       |     2 ||     2
 Armour: Leather armour    |    24 |    15 |       |       ||    39
         Ring mail         |       |     5 |       |       ||     5
         Steam dragon scal |       |     2 |    36 |    43 ||    81
  Dodge: Dodged            |    49 |    38 |    70 |   118 ||   275
   Form: Beast             |       |       |     1 |       ||     1

Table legend: (Time is in decaauts)
 A = Elapsed time spent in this place.
 B = Non-inter-level travel time spent in this place.
 C = Inter-level travel time spent in this place.
 D = Time resting spent in this place.
 E = Time spent auto-exploring this place.
 F = Levels seen in this place.
 G = Mean time per level.
                   A        B        C        D        E       F      G
               +--------+--------+--------+--------+--------+-----+--------+
         Total |   9502 |   9109 |    393 |      0 |   7365 |  10 |  950.2 |
       Dungeon |   9495 |   9102 |    393 |      0 |   7365 |   9 | 1055.0 |
        Temple |      6 |      6 |      0 |      0 |      0 |   1 |    6.0 |
               +--------+--------+--------+--------+--------+-----+--------+

Top non-repeatable levels by time:
     D:5: 1568 daAuts
     D:7: 1379 daAuts
     D:9: 1190 daAuts
     D:6: 1176 daAuts
     D:8: 994 daAuts
     D:2: 837 daAuts
     D:1: 818 daAuts
     D:4: 791 daAuts
     D:3: 739 daAuts
  Temple: 6 daAuts
